 Dungeon Crawl Stone Soup version 0.30.1-4-g462c640d31 (webtiles) character file.

Game seed: 13146056579017152551

3909 Wiggles the Cleaver (level 10, -7/91 HPs)
             Began as a Minotaur Berserker on Aug 11, 2023.
             Was an Elder of Trog.
             Mangled by a gnoll sergeant
             ... wielding a +0 halberd
              (13 damage)
             ... in a bailey.
             The game lasted 00:11:04 (6932 turns).

Wiggles the Cleaver (Minotaur Berserker)            Turns: 6932, Time: 00:11:05

Health: -7/91      AC: 13    Str: 33    XL:     10   Next: 1%
Magic:  9/9        EV: 11    Int:  4    God:    Trog [****..]
Gold:   474        SH:  0    Dex:  9    Spells: 9/9 levels left

rFire   . . .        H - +1 war axe
rCold   . . .        (no shield)
rNeg    . . .        A - +0 chain mail
rPois   .            (helmet restricted)
rElec   .            d - +1 cloak
rCorr   +            (no gloves)
SInv    .            (no boots)
Will    .....        G - amulet of regeneration Stlth
                     f - ring of resist corrosion
HPRegen 1.15/turn    s - +6 ring of strength
MPRegen 0.11/turn

%: no passive effects
@: weakened, on berserk cooldown, slowed, very slow
A: horns 2, retaliatory headbutt
a: Renounce Religion, Berserk, Trog's Hand, Brothers in Arms


You were in a bailey.
You worshipped Trog.
Trog was greatly pleased with you.
You visited 1 branch of the dungeon, and saw 8 of its levels.
You also visited: Bailey.

You collected 474 gold pieces.

Inventory:

Hand Weapons
 H - a +1 war axe (weapon)
Missiles
 a - a throwing net (quivered)
Armour
 d - a +1 cloak (worn)
 A - a +0 chain mail (worn)
Jewellery
 f - a ring of resist corrosion (left hand)
 p - an amulet of faith
 s - a +6 ring of strength (right hand)
 B - an amulet of magic regeneration
 D - a ring of fire
 G - an amulet of regeneration (around neck)
Wands
 w - a wand of digging (13)
 y - a wand of mindburst (14)
Scrolls
 c - 2 scrolls of teleportation
 e - a scroll of blinking
 h - a scroll of enchant armour
 i - 4 scrolls of identify
 j - 2 scrolls of enchant weapon
 l - a scroll of noise {unknown}
 q - 2 scrolls of immolation
 F - a scroll of fog
Potions
 b - 3 potions of attraction
 g - 4 potions of ambrosia
 k - 2 potions of curing
 m - a potion of invisibility
 n - 2 potions of degeneration
 o - 3 potions of brilliance
 r - a potion of mutation
 t - a potion of berserk rage
 u - a potion of resistance
 z - a potion of flight


   Skills:
 + Level 9.0 Fighting
 + Level 11.5 Axes
 + Level 8.7 Armour
 + Level 5.6 Dodging
 + Level 1.4 Stealth


You had 9 spell levels left.
You didn't know any spells.
Your spell library was empty.

Dungeon Overview and Level Annotations

Branches:
Dungeon (8/15)             Temple (0/1) D:6          Bailey (1/1)
   Lair: D:8-11

Altars:
Ashenzari


Innate Abilities, Weirdness & Mutations

You have a pair of horns on your head.
You reflexively headbutt those who attack you in melee.


Message History

The gnoll sergeant hits you with a +0 bardiche!
* * * LOW HITPOINT WARNING * * *
The gnoll bouda gazes fiercely through you!
You feel your attacks grow feeble.
The gnoll bouda hits you with a +0 trident.
* * * LOW HITPOINT WARNING * * *
You hit the gnoll bouda. You headbutt the gnoll bouda.
The gnoll bouda is heavily wounded.
You closely miss the gnoll sergeant. The gnoll misses you.
You slice the gnoll bouda!!
You kill the gnoll bouda!
Trog accepts your kill.
You hit the gnoll sergeant.
The gnoll sergeant hits you with a +0 bardiche!
* * * LOW HITPOINT WARNING * * *
A wolf comes into view.
The wolf howls!
The gnoll misses you.
The gnoll sergeant hits you with a +0 bardiche!
* * * LOW HITPOINT WARNING * * *
Items here: )) [[ †.
You feel a strong urge to attack something.
You are no longer berserk.
You are exhausted.
You feel yourself slow down.
The gnoll sergeant is no longer moving quickly.
The gnoll sergeant closely misses you.
A wolf comes into view.
The wolf howls!
You slash the gnoll sergeant! You headbutt the gnoll sergeant.
The gnoll sergeant is severely wounded.
You hit the gnoll sergeant. You hit the wolf. The wolf closely misses you.
The gnoll closely misses you. The gnoll sergeant barely misses you.
You furiously retaliate!
You headbutt the gnoll sergeant!
You kill the gnoll sergeant!
Trog accepts your kill.
You can now call in reinforcements.
The wolf barely misses you. You furiously retaliate!
You headbutt the wolf!
A gnoll sergeant comes into view. It is wielding a +0 glaive.
The gnoll sergeant hits you with a +0 halberd!
You die...

##)).##
#..g##....)##
#...#...).).#
#..h#...8...#+###
#...#.......#...#
#...##.....##...#
#...g##...##....#
#8.hg.##'##)...8# ♣
#...@)#..)#.....#≈♣
##...))†..'))..##≈♣
##...#.).#...##.≈♣
#####...#####..≈♣
...............≈♣
..............≈≈♣
≈≈≈≈≈≈≈≈≈≈≈≈≈≈≈≈♣♣
♣♣♣♣♣♣♣♣♣♣♣♣♣♣♣♣♣


You could see 2 gnoll sergeants, 2 wolves and a gnoll.

Vanquished Creatures
  Sigmund (D:3)
  3 steam dragons
  3 water moccasins
  An orc warrior (D:7)
  6 ogres
  A black bear (D:5)
  3 wolves (Bailey)
  2 phantoms
  3 gnoll sergeants (Bailey)
  4 scorpions
  6 wights
  5 killer bees (D:8)
  3 howler monkeys
  6 gnoll boudas
  3 hounds
  3 jellies
  Crazy Yiuf (D:6)
  4 iguanas
  2 sleepcaps (D:4)
  Ijyb (D:3)
  Natasha (twice) (D:3)
  An orc wizard (D:7)
  23 gnolls
  5 adders
  3 ufetubi (D:6)
  2 dart slugs
  5 orcs
  6 endoplasms
  3 giant cockroaches
  3 goblins
  4 hobgoblins
  9 kobolds
  6 quokkas
  7 ball pythons
  6 bats
  3 frilled lizards (D:2)
  5 rats
154 creatures vanquished.

Notes
Turn   | Place    | Note
-------+----------+-------------------------------------------
     0 | D:1      | Wiggles the Minotaur Berserker began the quest for the Orb.
     0 | D:1      | Reached XP level 1. HP: 19/19 MP: 0/0
   784 | D:1      | Reached XP level 2. HP: 23/27 MP: 1/1
   999 | D:2      | Identified the +0 long sword of Domination {speed, rF+
                  | Str+6}
  1023 | D:2      | You fall into a shaft and drop 2 floors!
  1052 | D:4      | Noticed a steam dragon
  1064 | D:4      | Killed a steam dragon
  1065 | D:4      | Reached skill level 5 in Fighting
  1065 | D:4      | Reached skill level 5 in Axes
  1065 | D:4      | Reached XP level 3. HP: 18/36 MP: 2/2
  1065 | D:4      | Reached XP level 4. HP: 22/42 MP: 3/3
  1065 | D:4      | Reached XP level 5. HP: 25/48 MP: 4/4
  1298 | D:4      | Noticed an ogre
  1308 | D:4      | Killed an ogre
  1358 | D:4      | Reached skill level 6 in Axes
  1358 | D:4      | Reached XP level 6. HP: 48/56 MP: 5/5
  1502 | D:4      | Reached ** piety under Trog
  1876 | D:3      | Noticed Natasha
  1886 | D:3      | Killed Natasha
  2006 | D:3      | Noticed Natasha
  2015 | D:3      | Killed Natasha
  2729 | D:3      | Reached *** piety under Trog
  2875 | D:3      | Found a faded altar of an unknown god.
  2875 | D:3      | Noticed Sigmund
  2890 | D:3      | Killed Sigmund
  2891 | D:3      | Reached XP level 7. HP: 63/63 MP: 6/6
  2971 | D:3      | Noticed Ijyb
  2978 | D:3      | Killed Ijyb
  2979 | D:3      | Reached skill level 7 in Axes
  3494 | D:5      | Entered Level 5 of the Dungeon
  3565 | D:5      | Reached XP level 8. HP: 70/71 MP: 7/7
  3579 | D:5      | Reached skill level 8 in Axes
  3603 | D:5      | Reached skill level 5 in Armour
  3728 | D:5      | Reached skill level 5 in Dodging
  3783 | D:5      | Reached skill level 1 in Stealth
  4219 | D:5      | Reached skill level 9 in Axes
  4877 | D:6      | Reached XP level 9. HP: 79/79 MP: 8/8
  5044 | D:6      | Found a runed translucent door.
  5045 | D:6      | Noticed Crazy Yiuf
  5098 | D:6      | Killed Crazy Yiuf
  5183 | D:6      | Found a broken altar of Ashenzari.
  5224 | D:6      | Reached skill level 10 in Axes
  5279 | D:6      | Found a staircase to the Ecumenical Temple.
  6631 | D:8      | Found a flagged portal.
  6644 | D:8      | Identified the +8 halberd of the Priest {freeze, rF+}
  6651 | D:8      | Reached skill level 11 in Axes
  6661 | Bailey   | Entered a bailey
  6925 | Bailey   | Reached XP level 10. HP: 51/91 MP: 9/9
  6929 | Bailey   | HP: 5/136 [gnoll sergeant/+0 bardiche (8)]
  6932 | Bailey   | Reached **** piety under Trog
  6932 | Bailey   | Mangled by a gnoll sergeant

Illustrated notes

Levels and vault maps discovered:
D:1:      scummos_arrival_checkerplants, layout_basic, kennysheep_pointless_box
D:2:      layout_basic
D:3:      layout_rooms, ebering_ecumenical_altar_petrified, uniq_natasha,
          uniq_sigmund, uniq_ijyb
D:4:      layout_basic, minmay_stone_trees_large, patterned_corridor
D:5:      minmay_angry_zag, layout_basic
D:6:      layout_basic, kennysheep_little_box, minmay_temple_entry_glassed_door,
          roderic_roman_lattice, minmay_misc_feat_alley, st_stairs_1,
          dk_noncrumbling_4, uniq_crazy_yiuf_cottage
D:7:      layout_basic, kennysheep_generic_room_13
D:8:      layout_cave_pools, minmay_lair_entry_grove, enter_bailey_2,
          wad_mini_maze, uniq_pikel
Bailey:   bailey_polearm_gnolls_kennysheep, bailey

Skill      XL: |  1  2  3  4  5  6  7  8  9 |
---------------+----------------------------+-----
Fighting       | 4 5 6 7 9 |  9.0
Axes           | 5 6 7 9 11 | 11.5
Armour         | 3 4 6 8 |  8.7
Dodging        | 3 4 5 |  5.6
Stealth        | 1 |  1.4

Action                     |  1- 3 |  4- 6 |  7- 9 | 10-12 || total
---------------------------+-------+-------+-------+-------++-------
  Melee: Hand axe          |    28 |   109 |    99 |       ||   236
         Headbutt          |     5 |    17 |    39 |     2 ||    63
         Punch             |       |     1 |     3 |       ||     4
         War axe           |       |       |   124 |     4 ||   128
 Invoke: Berserk           |     1 |     4 |     4 |       ||     9
    Use: Scroll            |       |       |    21 |       ||    21
         Potion            |       |       |     3 |       ||     3
 Armour: Leather armour    |     7 |    22 |       |       ||    29
         Animal skin       |     2 |       |       |       ||     2
         Scale mail        |       |     4 |     4 |       ||     8
         Chain mail        |       |       |   147 |       ||   147
  Dodge: Dodged            |    18 |    65 |   172 |     8 ||   263
